 Dungeon Crawl Stone Soup version 0.14-a0-2691-g997c442 (webtiles) character file.

206 Psiweapon the Bolt Thrower (level 5, -3/31 HPs)
             Began as a Kobold Hunter on Feb 18, 2014.
             Slain by a wight
             ... wielding a cursed +3,+2 halberd
              (5 damage)
             ... on Level 2 of the Dungeon.
             The game lasted 00:11:14 (1921 turns).

Psiweapon the Bolt Thrower (Kobold Hunter)          Turns: 1921, Time: 00:11:14

HP  -3/31        AC  4     Str 12      XL: 5   Next: 29%
MP   5/5         EV 13     Int  9      God:
Gold 83          SH  0     Dex 16      Spells:  0 memorised,  4 levels left

rFire  . . .     SeeInvis +     b - +1,+2 crossbow
rCold  . . .     Clarity  .     d - +0 leather armour
rNeg   . . .     Conserve .     (no shield)
rPois  .         rCorr    .     g - +0 helmet
rElec  .         rRot     .     (no cloak)
SustAb . .       Spirit   .     (no gloves)
rMut   .         Warding  .     (no boots)
Saprov + + .     Stasis   .     (no amulet)
MR     .....                    (no ring)
                                j - ring of see invisible

@: drained, not resistant to hostile enchantments, stealthy
A: disease resistance, carnivore 3, saprovore 2
a: no special abilities


You were on level 2 of the Dungeon.
You were completely stuffed.

You visited 1 branch of the dungeon, and saw 4 of its levels.

You collected 83 gold pieces.

Inventory:

Hand weapons
 a - a +1,+1 dwarven short sword
 b - a +1,+2 crossbow (weapon)
 l - a +0,+0 short sword
Missiles
 c - 25 bolts (quivered)
 x - 5 tomahawks
Armour
 d - a +0 leather armour (worn)
 g - a +0 helmet (worn)
Comestibles
 f - a meat ration
 q - a rotting chunk of rat flesh
 s - 2 chunks of worm flesh
 u - a cheese
 w - a chunk of bat flesh
 z - a chunk of giant newt flesh
Scrolls
 h - 5 scrolls of remove curse
 i - 3 scrolls of identify
 n - a scroll of amnesia {unknown}
 o - a scroll of curse armour {unknown}
 p - a scroll of enchant weapon II
 r - 2 scrolls of magic mapping
Jewellery
 j - a ring of see invisible (left hand)
Potions
 e - 2 potions of curing {unknown}
 k - a potion of heal wounds {unknown}
 m - a potion of flight {unknown}
 t - a potion of agility {unknown}
 v - a potion of lignification {unknown}


   Skills:
 + Level 2.5(1.8) Fighting
 + Level 2.4(1.7) Short Blades
 - Level 5.0(4.3) Crossbows
 + Level 3.7(3.0) Dodging
 + Level 3.6(2.9) Stealth


You had 4 spell levels left.
You didn't know any spells.

Dungeon Overview and Level Annotations

Branches:
Dungeon (4/16)
 Temple: D:4-7

Altars:


Innate Abilities, Weirdness & Mutations

You recuperate from illness quickly.
You are small and have problems with some larger weapons.
You are carnivorous and can eat meat at any time.
You can eat rotten meat.


Message History

You climb upwards.
There is a stone staircase leading down here.
The wight hits you from afar with a halberd!
Wield which item (- for none, * to show all)? (? for menu, Esc to quit)
b - a +1,+2 crossbow (weapon)
Firing (i - inventory. (,) - cycle):
c - 27 bolts (quivered)
Press: ? - help, Shift-Dir - straight line, f - wight
Aim: a wight, wielding a halberd and wearing a robe (heavily damaged)
You shoot a bolt. The bolt hits the wight.
The wight is almost destroyed.
The wight barely misses you.
Firing (i - inventory. (,) - cycle):
c - 26 bolts (quivered)
Press: ? - help, Shift-Dir - straight line, f/p - wight
Aim: a wight, wielding a halberd and wearing a robe (almost destroyed)
You shoot a bolt. The bolt hits the wight.
The wight is almost destroyed.
The wight hits you from afar with a halberd!
* * * LOW HITPOINT WARNING * * *
You feel drained.
You die...

,,........>.#....###....#
#.#*
,*##...####.#.....'.....#
#.##
,*##.....*#z#############
##).# ,,.......*#.# #...#
,###.....##.###### #.#.#
........%..(....# #.#.#
,###.....##.####z#
########.#.# ,**#.#..#*#.#
#.# #........#.#
,,,,....,,..# #@#
#.########.# ***#.#.,*####
#.# #.# #.#
#,..,*#######.### #.# #.#
*##,,.........[.###.# #.#
****#######....>..########.#
###..............#
################


You could see a wight.

Vanquished Creatures
  An orc priest (D:3)
  Jessica (D:2)
  A worm (D:2)
  3 orcs (D:3)
  A ball python (D:1)
  5 giant cockroaches
  5 hobgoblins
  11 kobolds
  2 bats
  5 giant newts
  4 goblins
  2 jackals (D:1)
  36 rats
77 creatures vanquished.

Notes
Turn   | Place    | Note
--------------------------------------------------------------
     0 | D:1      | Psiweapon, the Kobold Hunter, began the quest for the Orb.
     0 | D:1      | Reached XP level 1. HP: 12/12 MP: 1/1
   141 | D:1      | Reached skill level 5 in Crossbows
   206 | D:1      | Reached XP level 2. HP: 12/16 MP: 2/2
   704 | D:1      | Reached XP level 3. HP: 20/20 MP: 3/3
  1314 | D:2      | Noticed Jessica
  1317 | D:2      | Killed Jessica
  1317 | D:2      | Reached skill level 1 in Short Blades
  1317 | D:2      | Reached XP level 4. HP: 26/26 MP: 4/4
  1748 | D:3      | Reached XP level 5. HP: 29/31 MP: 5/5
  1921 | D:2      | Slain by a wight

Action                   |  1- 3 |  4- 6 || total
-------------------------+-------+-------++-------
Melee: Short sword       |    94 |   100 ||   194
 Fire: Crossbow          |    12 |    13 ||    25
Throw: Tomahawk          |     8 |     7 ||    15
  Use: Scroll            |       |     4 ||     4
 Stab: Sleeping          |     1 |     3 ||     4
